[Event "ICC Open 2015"]
[Site "Internet Chess Club"]
[Date "2015.05.29"]
[Round "1"]
[White "anu1217"]
[Black "Dlugy"]
[Result "0-1"]
[ICCResult "White resigns"]
[WhiteElo "1897"]
[BlackElo "3070"]
[Opening "Sicilian: closed"]
[ECO "B23"]
[NIC "SI.44"]
[Time "14:03:05"]
[TimeControl "180+0"]

1. e4 c5 2. Nc3 d6 3. f4 Nc6 4. Nf3 g6 5. Bb5 Bg7 6. Bxc6+ bxc6 7. O-O Nf6
8. d3 O-O 9. Qe1 e6 10. Qh4 Nd7 11. Qxd8 Rxd8 12. Bd2 Nb6 13. Rae1 a5 14.
Re2 c4 15. d4 d5 16. e5 c5 17. dxc5 Nd7 18. c6 Nc5 19. Be3 Bf8 20. Nd4 Ba6
21. a4 Rdc8 22. Rd1 Rab8 23. Bc1 Rb4 24. Ncb5 Nxa4 25. Nd6 Rc7 26. Ne8 Ra7
27. Nd6 Nxb2 28. Bd2 Nxd1 29. Bxb4 axb4 30. N4b5 Bxb5 31. Nxb5 Bc5+ 32. Kf1
Ra8 33. Rd2 Ne3+ 34. Ke2 Rc8 35. c7 Nxg2 36. Kf3 Nh4+ 37. Kg4 Nf5
{White resigns}
0-1

[Event "ICC Open 2015"]
[Site "Internet Chess Club"]
[Date "2015.05.29"]
[Round "1"]
[White "LLEonidSTEin"]
[Black "jefferyx"]
[Result "0-1"]
[ICCResult "White forfeits on time"]
[WhiteElo "1875"]
[BlackElo "2900"]
[Opening "St. George (Baker) defense"]
[ECO "B00"]
[NIC "VO.17"]
[Time "14:02:50"]
[TimeControl "180+0"]

1. e4 a6 2. Nf3 b5 3. g3 Bb7 4. d3 e6 5. Bg2 Nf6 6. O-O d5 7. exd5 Nxd5 8.
Bg5 Be7 9. Bxe7 Qxe7 10. a3 Nd7 11. Re1 N7f6 12. Qd2 O-O 13. Nc3 Nb6 14.
Rad1 Rad8 15. Qg5 Bxf3 16. Bxf3 h6 17. Qh4 c5 18. Ne4 Nbd5 19. Bg2 Rfe8 20.
Nxf6+ Nxf6 21. Bc6 Rd4 22. Qh3 Red8 23. Qg2 c4 24. Qf3 Qc5 25. Bb7 cxd3 26.
Rxd3 Rxd3 27. cxd3 a5 28. Qe2 Rd4 29. Bf3 Qd6 30. Rd1 Nd7 31. Qc2 Ne5 32.
Be2 g6 33. Qc8+ Kg7 34. Qc3 b4 35. axb4 axb4 36. Qc2 Rd5 37. b3 Nc6 38. Qc4
Rc5 39. Qe4 Re5 40. Qf3 Nd4 {White forfeits on time} 0-1

[Event "ICC Open 2015"]
[Site "Internet Chess Club"]
[Date "2015.05.29"]
[Round "1"]
[White "Borknagar"]
[Black "Huemul"]
[Result "0-1"]
[ICCResult "White resigns"]
[WhiteElo "2011"]
[BlackElo "1341"]
[Opening "Queen's pawn game"]
[ECO "E10"]
[NIC "QI.01"]
[Time "14:02:45"]
[TimeControl "180+0"]

1. d4 e6 2. Nf3 Nf6 3. c4 Be7 4. Bg5 O-O 5. Nc3 d6 6. e4 Nbd7 7. e5 dxe5 8.
dxe5 Ne8 9. Bxe7 Qxe7 10. Bd3 Nc5 11. Bb1 b6 12. Qc2 g6 13. b4 Nd7 14. a3
Ng7 15. Nb5 Qd8 16. O-O a6 17. Nbd4 Bb7 18. c5 bxc5 19. bxc5 Bd5 20. Nd2 Qg5
21. N2f3 Bxf3 22. Nxf3 Qg4 23. h3 Qf4 24. Re1 Nf5 25. Qd2 Qc4 26. Bxf5 exf5
27. Rac1 Qe6 28. c6 Nb6 29. Qa5 Rfd8 30. Red1 Rxd1+ 31. Rxd1 Qb3 32. Qe1 Nc4
33. Nd4 Qxa3 34. e6 fxe6 35. Qxe6+ Kg7 36. Qe7+ Qxe7 37. Nf3 Qc5 38. Rd7+
Kh6 39. Rxc7 Qb6 40. Rd7 Qxc6 41. Rd1 Qb5 42. Kh2 Re8 43. Ra1 Re2 44. Nd4
Qe5+ 45. Kg1 Qxd4 {White resigns} 0-1

[Event "ICC Open 2015"]
[Site "Internet Chess Club"]
[Date "2015.05.29"]
[Round "1"]
[White "beaupre"]
[Black "supermouse"]
[Result "0-1"]
[ICCResult "White resigns"]
[WhiteElo "1784"]
[BlackElo "2686"]
[Opening "King's pawn opening"]
[ECO "B07"]
[NIC "VO.17"]
[Time "14:02:43"]
[TimeControl "180+0"]

1. e4 d6 2. d4 g6 3. Nf3 Bg7 4. Be3 Bg4 5. Be2 Nd7 6. O-O c5 7. c3 Ngf6 8.
Re1 Nxe4 9. dxc5 Ndxc5 10. Nd4 Bxe2 11. Qxe2 O-O 12. Nd2 Re8 13. Nxe4 Nxe4
14. Rad1 Qa5 15. a3 a6 16. Nb3 Qa4 17. Bd4 Qxb3 18. Bxg7 Kxg7 19. Qxe4 Qxb2
20. Rb1 Qxc3 21. Rxb7 d5 22. Qe2 Qxa3 23. Qe5+ Kg8 24. h4 Qd6 25. Qg5 e5 26.
h5 e4 27. hxg6 hxg6 28. Rc1 Rac8 29. Rcb1 Qe5 30. Qg4 e3 31. fxe3 Qxe3+ 32.
Kh1 Rc1+ 33. Rxc1 Qxc1+ 34. Kh2 Qh6+ 35. Kg3 Qe3+ 36. Kh2 Kg7 37. Rd7 Rh8+
38. Qh3 Rxh3+ 39. gxh3 Qf2+ {White resigns} 0-1

[Event "ICC Open 2015"]
[Site "Internet Chess Club"]
[Date "2015.05.29"]
[Round "1"]
[White "Irenaeus"]
[Black "BlitzPawn94"]
[Result "0-1"]
[ICCResult "White forfeits on time"]
[WhiteElo "1752"]
[BlackElo "2653"]
[Opening "Sicilian: closed"]
[ECO "B23"]
[NIC "SI.44"]
[Time "14:02:14"]
[TimeControl "180+0"]

1. e4 c5 2. Nc3 e6 3. f4 Nc6 4. Nf3 d6 5. Bb5 Bd7 6. Bxc6 Bxc6 7. d3 Nf6 8.
O-O Be7 9. Ne2 O-O 10. Ng3 Nd7 11. f5 Bf6 12. c3 Ne5 13. Qe2 Nxf3+ 14. Rxf3
d5 15. e5 Bh4 16. d4 cxd4 17. cxd4 Kh8 18. Be3 Bxg3 19. Rxg3 exf5 20. Rf1
Bd7 21. Qh5 f4 22. Rxf4 g6 23. Qh6 f6 24. Rxg6 Qe7 25. Rh4 Bf5 26. Rxf6 Rxf6
27. exf6 Qc7 28. Bf4 Qf7 29. Be5 Rg8 30. g3 Rg6 31. Qd2 Rxf6 32. Qb4 Kg7 33.
Qd6 h5 34. Rf4 Kg6 35. Bxf6 Qxf6 36. Qxf6+ Kxf6 37. h3 Kg5 38. Kf2 Bxh3 39.
Rf7 b5 40. Rxa7 Bf5 41. Rb7 Bd3 42. a3 Kf5 43. b3 Ke4 44. a4 Kxd4 45. axb5
Bxb5 {White forfeits on time} 0-1

[Event "ICC Open 2015"]
[Site "Internet Chess Club"]
[Date "2015.05.29"]
[Round "1"]
[White "jaybird"]
[Black "Fivetrick"]
[Result "0-1"]
[ICCResult "White resigns"]
[WhiteElo "1509"]
[BlackElo "2248"]
[Opening "QGD semi-Slav: 5.Bg5 dc"]
[ECO "D44"]
[NIC "QI.01"]
[Time "14:03:02"]
[TimeControl "180+0"]

1. d4 Nf6 2. c4 e6 3. Nf3 d5 4. Nc3 c6 5. Bg5 dxc4 6. a4 c5 7. e3 h6 8. Bh4
cxd4 9. exd4 Be7 10. Ne5 O-O 11. Bxc4 Nfd7 12. Bxe7 Qxe7 13. O-O Rd8 14.
Nxd7 Bxd7 15. Qe2 Bc6 16. Rfd1 Qb4 17. h3 Nd7 18. Bb5 Nb6 19. Bxc6 bxc6 20.
a5 Nd5 21. Ne4 Rab8 22. Rd2 Rb5 23. Rc2 Qxd4 24. Rxc6 Rxb2 25. Re1 Rxe2
{White resigns}
0-1

[Event "ICC Open 2015"]
[Site "Internet Chess Club"]
[Date "2015.05.29"]
[Round "1"]
[White "geemurfi"]
[Black "Kseroks"]
[Result "0-1"]
[ICCResult "White checkmated"]
[WhiteElo "1805"]
[BlackElo "2777"]
[Opening "Philidor's defense"]
[ECO "C41"]
[NIC "KP.10"]
[Time "14:03:42"]
[TimeControl "180+0"]

1. e4 e5 2. Nf3 d6 3. Nc3 Nc6 4. h3 Nf6 5. d4 exd4 6. Nxd4 Bd7 7. Be3 Be7 8.
Qd2 O-O 9. O-O-O a6 10. g4 b5 11. g5 Ne8 12. Nd5 Ne5 13. Nxe7+ Qxe7 14. f4
Nc4 15. Bxc4 bxc4 16. Qg2 c5 17. Ne2 Bc6 18. Nc3 Rb8 19. Kb1 Nc7 20. Bc1
Rfe8 21. Rhe1 Nb5 22. Nxb5 axb5 23. Qe2 Bxe4 24. Ka1 d5 25. f5 b4 26. f6 Qa7
27. Qf2 Ra8 28. a3 bxa3 29. bxa3 Reb8 30. g6 Qxa3+ 31. Bxa3 Rxa3#
{White checkmated}
0-1

[Event "ICC Open 2015"]
[Site "Internet Chess Club"]
[Date "2015.05.29"]
[Round "1"]
[White "Nos"]
[Black "pawnloser"]
[Result "1-0"]
[ICCResult "Black forfeits on time"]
[WhiteElo "2359"]
[BlackElo "1579"]
[Opening "English opening"]
[ECO "A05"]
[NIC "QP.11"]
[Time "14:02:55"]
[TimeControl "180+0"]

1. Nf3 Nf6 2. c4 d5 3. cxd5 Qxd5 4. Nc3 Qd8 5. d4 e6 6. e4 Be7 7. Be2 O-O 8.
O-O Nbd7 9. Bf4 b6 10. Re1 Bb7 11. Bc4 c5 12. d5 exd5 13. exd5 Nh5 14. d6
Bf6 15. Be3 g6 16. Nd2 Ne5 17. Be2 Ng7 18. Nde4 Ne8 19. f4 Nd7 20. Bf3 Bxe4
21. Bxe4 Rb8 22. Qd2 b5 23. Rad1 b4 24. Na4 Rc8 25. Bb7 Nb6 26. Bxc8 Qxc8
27. Nxc5 {Black forfeits on time} 1-0

[Event "ICC Open 2015"]
[Site "Internet Chess Club"]
[Date "2015.05.29"]
[Round "1"]
[White "olimpus"]
[Black "Hareaum"]
[Result "1-0"]
[ICCResult "Black checkmated"]
[WhiteElo "2719"]
[BlackElo "1791"]
[Opening "Scandinavian defense"]
[ECO "B01"]
[NIC "SD.03"]
[Time "14:03:51"]
[TimeControl "180+0"]

1. e4 d5 2. exd5 Nf6 3. Nc3 Nxd5 4. g3 c6 5. Bg2 Nf6 6. Nge2 Qc7 7. O-O Bg4
8. h3 Bxe2 9. Qxe2 e6 10. d3 Nbd7 11. Rb1 Bc5 12. b4 Bb6 13. Na4 O-O 14. Bf4
Qd8 15. b5 Bc7 16. bxc6 Bxf4 17. cxb7 Rb8 18. gxf4 Nb6 19. Nc5 Nfd5 20. Qd2
Nd7 21. Na6 Qa5 22. Nxb8 Qxd2 23. Nxd7 Rd8 24. b8=Q g5 25. Qxd8+ Kg7 26.
Qxg5+ Kh8 27. Rb8# {Black checkmated} 1-0

[Event "ICC Open 2015"]
[Site "Internet Chess Club"]
[Date "2015.05.29"]
[Round "1"]
[White "Estocolmov"]
[Black "onti"]
[Result "1-0"]
[ICCResult "Black forfeits on time"]
[WhiteElo "2237"]
[BlackElo "1470"]
[Opening "Queen's pawn: Keres defense"]
[ECO "A40"]
[NIC "QO.17"]
[Time "14:02:45"]
[TimeControl "180+0"]

1. d4 e6 2. c4 b6 3. Nc3 Bb7 4. e4 g6 5. f3 Bg7 6. Be3 Ne7 7. Qd2 d6 8. Bd3
Nd7 9. Nge2 f5 10. O-O-O d5 11. Nf4 dxc4 12. Nxe6 Qc8 13. Bxc4 Bf6 14. h4 a6
15. e5 Bxh4 16. Rxh4 b5 17. Bb3 c6 18. Ng7+ Kf8 19. Bh6 Nd5 20. Bxd5 cxd5
21. Nxf5+ Kf7 22. Nd6+ Ke6 23. Nxc8 Raxc8 24. Kb1 Nb6 25. Qg5 Nd7 26. Bg7
Rhe8 27. Rxh7 Re7 28. Qxg6+ Nf6 29. Qxf6+ Kd7 30. e6+ {Black forfeits on
time} 1-0

[Event "ICC Open 2015"]
[Site "Internet Chess Club"]
[Date "2015.05.29"]
[Round "1"]
[White "MassCarnage"]
[Black "jewels2"]
[Result "1-0"]
[ICCResult "Black forfeits on time"]
[WhiteElo "2021"]
[BlackElo "1231"]
[Opening "Scotch gambit: Dubois-Réti defense"]
[ECO "C55"]
[NIC "KP.02"]
[Time "14:03:05"]
[TimeControl "180+0"]

1. e4 e5 2. d4 exd4 3. Bc4 Nf6 4. Nf3 Nc6 5. e5 d5 6. Bb5 Ne4 7. Nxd4 Bc5 8.
O-O Bd7 9. Bxc6 bxc6 10. f3 Ng5 11. f4 Ne4 12. Nc3 Nxc3 13. bxc3 O-O 14. f5
Bxd4+ 15. cxd4 Qh4 16. f6 Bg4 17. Qd2 Be6 18. Rf4 Qg5 19. Qf2 Rab8 20. Rh4
Rb4 21. Bxg5 Rfb8 22. Re1 Rb2 23. Bc1 Rb1 24. Qg3 g6 25. Rxh7 Kxh7 26. Qh4+
Kg8 27. Qh6 {Black forfeits on time} 1-0

[Event "ICC Open 2015"]
[Site "Internet Chess Club"]
[Date "2015.05.29"]
[Round "1"]
[White "NAS"]
[Black "Mercury"]
[Result "0-1"]
[ICCResult "White resigns"]
[WhiteElo "1670"]
[BlackElo "2461"]
[Opening "Sicilian: Taimanov variation"]
[ECO "B48"]
[NIC "SI.40"]
[Time "14:02:22"]
[TimeControl "180+0"]

1. e4 c5 2. Nf3 Nc6 3. d4 cxd4 4. Nxd4 Qc7 5. Nc3 e6 6. Be3 a6 7. Qd2 b5 8.
a3 Bb7 9. Bd3 b4 10. axb4 Nxb4 11. O-O Nf6 12. Rac1 Ng4 13. Nf3 Bd6 14. h3
Nxe3 15. Qxe3 Bf4 16. Qe2 Bxc1 17. Rxc1 O-O 18. g3 f5 19. exf5 Nxd3 20. cxd3
Rxf5 21. Nh4 Rf7 22. Qe3 Raf8 23. Ne4 Qe5 24. f4 Qxb2 25. Ng5 Re7 26. Re1 e5
27. Qc5 Rfe8 28. Qc4+ d5 29. Qc2 Qxc2 {White resigns} 0-1

[Event "ICC Open 2015"]
[Site "Internet Chess Club"]
[Date "2015.05.29"]
[Round "1"]
[White "dietcoke"]
[Black "Torek9M"]
[Result "1-0"]
[ICCResult "Black forfeits on time"]
[WhiteElo "1792"]
[BlackElo "1176"]
[Opening "KGA: Fischer defense"]
[ECO "C34"]
[NIC "KG.02"]
[Time "14:03:06"]
[TimeControl "180+0"]

1. e4 e5 2. f4 exf4 3. Nf3 d6 4. d4 h6 5. Bxf4 Nd7 6. Nc3 c6 7. Bc4 Qc7 8.
O-O Ngf6 9. e5 dxe5 10. dxe5 Ng4 11. h3 Qb6+ 12. Kh1 Nf2+ 13. Rxf2 Qxf2 14.
e6 fxe6 15. Bxe6 Nf6 16. Bb3 Bxh3 17. gxh3 Nh5 18. Qe1+ Qxe1+ 19. Rxe1+
{Black forfeits on time}
1-0

[Event "ICC Open 2015"]
[Site "Internet Chess Club"]
[Date "2015.05.29"]
[Round "1"]
[White "YaacovN"]
[Black "nikenwidiartto"]
[Result "1-0"]
[ICCResult "Black resigns"]
[WhiteElo "2685"]
[BlackElo "1783"]
[Opening "QGD Slav: exchange variation"]
[ECO "D13"]
[NIC "SL.02"]
[Time "14:03:49"]
[TimeControl "180+0"]

1. d4 d5 2. Nf3 c6 3. c4 Nf6 4. cxd5 cxd5 5. Nc3 Nc6 6. Bf4 a6 7. Ne5 Nh5 8.
Nxc6 bxc6 9. Be5 f6 10. e3 g6 11. Bg3 Bg7 12. Rc1 O-O 13. Be2 Nxg3 14. hxg3
e5 15. O-O Bd7 16. Na4 Rb8 17. b3 f5 18. dxe5 Bxe5 19. Bxa6 Qg5 20. f4 Qxg3
21. Rf3 Qh4 22. fxe5 Rfe8 23. Qd4 Qg5 24. Nc5 Bc8 25. Bxc8 Rbxc8 26. e6 Ra8
27. a4 h5 28. b4 Re7 29. a5 h4 30. Rh3 Rh7 31. Rf1 Qg4 32. Rf4 Qh5 33. Rfxh4
Qg5 34. Rxh7 {Black resigns} 1-0

[Event "ICC Open 2015"]
[Site "Internet Chess Club"]
[Date "2015.05.29"]
[Round "1"]
[White "altoming"]
[Black "PaYbAcK"]
[Result "0-1"]
[ICCResult "White resigns"]
[WhiteElo "1742"]
[BlackElo "2629"]
[Opening "Sicilian"]
[ECO "B50"]
[NIC "SI.01"]
[Time "14:02:17"]
[TimeControl "180+0"]

1. e4 c5 2. Nf3 d6 3. Nc3 Nf6 4. Bc4 e6 5. O-O Be7 6. d4 cxd4 7. Nxd4 O-O 8.
Re1 a6 9. a4 Nc6 10. Nxc6 bxc6 11. Be3 d5 12. exd5 cxd5 13. Bb3 Bb7 14. Bd4
Nd7 15. Qg4 Bf6 16. Bxf6 Qxf6 17. Nxd5 Bxd5 18. Bxd5 exd5 19. Qxd7 Qxb2 20.
Qxd5 Qxc2 21. Re7 Rad8 22. Qf3 Rd4 23. a5 Rd3 24. Re3 Rd2 25. h4 g6 26. h5
Qb2 27. Ra4 Rd4 28. Rxd4 Qxd4 29. h6 Qh4 30. Qc6 Qxh6 31. Qxa6 Rd8 32. g3
Rd1+ {White resigns} 0-1

[Event "ICC Open 2015"]
[Site "Internet Chess Club"]
[Date "2015.05.29"]
[Round "1"]
[White "xionoula"]
[Black "SergeantSwing"]
[Result "1-0"]
[ICCResult "Black checkmated"]
[WhiteElo "2199"]
[BlackElo "1450"]
[Opening "Queen's pawn: London system"]
[ECO "A45"]
[NIC "QP.07"]
[Time "14:02:46"]
[TimeControl "180+0"]

1. d4 Nf6 2. Bf4 e6 3. e3 c5 4. c3 b6 5. Nf3 Bb7 6. Nbd2 Be7 7. Bd3 O-O 8.
Qc2 h6 9. O-O-O Nc6 10. Kb1 Rc8 11. a3 cxd4 12. exd4 d5 13. h3 Na5 14. g4
Ne4 15. Nxe4 dxe4 16. Bxe4 Bxe4 17. Qxe4 Nc4 18. Ne5 Bxa3 19. bxa3 Nxa3+ 20.
Kb2 Qe7 21. Nc6 Nc4+ 22. Kb3 Qa3+ 23. Kxc4 b5+ 24. Kd3 b4 25. Rc1 bxc3 26.
Rxc3 Qa6+ 27. Ke3 f5 28. Qxe6+ Kh8 29. Kf3 fxg4+ 30. hxg4 Rf6 31. Rxh6+ Rxh6
32. Bxh6 gxh6 33. Qxh6+ Kg8 34. Ne7+ Kf7 35. Qxa6 Kxe7 36. Qxc8 Kf6 37. Qf5+
Ke7 38. Rc7+ Kd6 39. Qd7# {Black checkmated} 1-0

[Event "ICC Open 2015"]
[Site "Internet Chess Club"]
[Date "2015.05.29"]
[Round "1"]
[White "nadalthegreat"]
[Black "dwg6"]
[Result "0-1"]
[ICCResult "White resigns"]
[WhiteElo "1521"]
[BlackElo "2265"]
[Opening "Pirc: classical (two knights) system"]
[ECO "B06"]
[NIC "PU.10"]
[Time "14:03:34"]
[TimeControl "180+0"]

1. e4 g6 2. d4 Bg7 3. Nf3 d6 4. Nc3 Nf6 5. Be3 O-O 6. Bc4 c6 7. O-O d5 8.
exd5 cxd5 9. Bb3 Bg4 10. h3 Bxf3 11. Qxf3 e6 12. Rfe1 Nc6 13. Rad1 a6 14.
Ne2 Na5 15. Ng3 Rc8 16. Kh1 Nxb3 17. cxb3 Qa5 18. a3 Rc2 19. Re2 Rfc8 20.
Bd2 Qb5 21. b4 Rxb2 22. Bc3 Rxe2 23. Qxe2 Rxc3 24. Qb2 Qc4 25. Rb1 Rc2 26.
Qa1 Ne4 27. b5 Nxf2+ 28. Kh2 Bxd4 29. bxa6 bxa6 30. Rb8+ Kg7 31. Qb1 Be5 32.
Re8 Rc3 {White resigns} 0-1

[Event "ICC Open 2015"]
[Site "Internet Chess Club"]
[Date "2015.05.29"]
[Round "1"]
[White "Radja"]
[Black "jensak"]
[Result "1-0"]
[ICCResult "Black checkmated"]
[WhiteElo "2417"]
[BlackElo "1650"]
[Opening "Ruy Lopez: Treybal (Bayreuth) variation (exchange var. deferred)"]
[ECO "C77"]
[NIC "RL.12"]
[Time "14:03:06"]
[TimeControl "180+0"]

1. e4 e5 2. Nf3 Nc6 3. Bb5 a6 4. Ba4 Nf6 5. Bxc6 dxc6 6. d3 Bg4 7. Nbd2 Bd6
8. h3 Bh5 9. Qe2 Qe7 10. Nc4 O-O 11. g4 Bg6 12. Bg5 Qe6 13. Nh4 h6 14. Bd2
Bh7 15. Nf5 b5 16. Nce3 c5 17. Rg1 Kh8 18. h4 c4 19. g5 cxd3 20. cxd3 Nd7
21. gxh6 gxh6 22. Ng7 Qh3 23. O-O-O Qxh4 24. Nef5 Bxf5 25. Nxf5 Qf6 26. Bxh6
Rg8 27. Qh5 Rg6 28. Bg7+ Kg8 29. Qh8# {Black checkmated} 1-0

[Event "ICC Open 2015"]
[Site "Internet Chess Club"]
[Date "2015.05.29"]
[Round "1"]
[White "legatus"]
[Black "bigali"]
[Result "1-0"]
[ICCResult "Black resigns"]
[WhiteElo "2387"]
[BlackElo "1618"]
[Opening "KP: Colorado counter"]
[ECO "B00"]
[NIC "VO.05"]
[Time "14:03:39"]
[TimeControl "180+0"]

1. e4 Nc6 2. Nf3 f5 3. exf5 d6 4. Bb5 Bxf5 5. d4 Bd7 6. c3 Nf6 7. Bg5 e6 8.
Nbd2 Be7 9. Qe2 O-O 10. O-O-O a6 11. Ba4 b5 12. Bb3 Na5 13. Bxe6+ Bxe6 14.
Qxe6+ Kh8 15. Rhe1 Re8 16. Bxf6 Bxf6 17. Qxe8+ Qxe8 18. Rxe8+ Rxe8 19. Re1
Rxe1+ 20. Nxe1 Kg8 21. Kc2 Kf7 22. Kd3 Nc6 23. Ne4 Ne7 24. Nxf6 Kxf6 25. Nc2
c6 26. Ne3 h5 27. b3 a5 28. c4 g6 29. cxb5 cxb5 30. Ke4 a4 31. Nd5+ Kf7 32.
Nxe7 Kxe7 33. Kd5 axb3 34. axb3 b4 35. f4 h4 36. g3 hxg3 37. hxg3 Kd7 38. g4
Ke7 39. f5 gxf5 40. gxf5 Kf6 41. Kxd6 Kxf5 42. Kc6 Ke4 43. d5 Kd3 44. d6 Kc3
45. d7 Kxb3 46. d8=Q Kc2 47. Kb5 b3 48. Qc7+ Kb2 49. Qd8 Kc2 50. Qc8+ Kb2
51. Kb4 Ka2 52. Qa6+ Kb2 53. Qe2+ Ka1 54. Qd1+ Kb2 55. Qd2+ Kb1 56. Kxb3
{Black resigns}
1-0

[Event "ICC Open 2015"]
[Site "Internet Chess Club"]
[Date "2015.05.29"]
[Round "1"]
[White "JEMEM"]
[Black "hangingpawns"]
[Result "1-0"]
[ICCResult "Black checkmated"]
[WhiteElo "1967"]
[BlackElo "2123"]
[Opening "QGD semi-Slav: 5.e3"]
[ECO "D45"]
[NIC "SL.08"]
[Time "14:02:36"]
[TimeControl "180+0"]

1. d4 d5 2. c4 c6 3. Nc3 Nf6 4. e3 e6 5. Nf3 Be7 6. Qc2 O-O 7. b3 Nbd7 8.
Be2 dxc4 9. bxc4 c5 10. O-O b6 11. Rd1 Qc7 12. Bb2 Ba6 13. Nb5 Bxb5 14. cxb5
Rac8 15. Rac1 Qb8 16. Qb1 cxd4 17. Nxd4 Rxc1 18. Rxc1 Bc5 19. Nc6 Qc7 20.
Rd1 a6 21. a4 axb5 22. axb5 Nd5 23. Bd4 Bxd4 24. Rxd4 Ne5 25. Nxe5 Qxe5 26.
h3 Nxe3 27. Re4 Qc5 28. Rxe3 Rd8 29. Rd3 Rc8 30. Qd1 Qf8 31. Rd7 g6 32. Qd6
Rc1+ 33. Kh2 Qxd6+ 34. Rxd6 Rc2 35. Bf3 Rxf2 36. Rxb6 Rb2 37. Rb8+ Kg7 38.
b6 Kf6 39. b7 Ke7 40. Rc8 Kd7 41. b8=Q Rxb8 42. Rxb8 Kd6 43. Rb7 Ke5 44.
Rxf7 g5 45. Rxh7 Kf4 46. Bg4 e5 47. Re7 e4 48. Be2 Ke3 49. Ba6 Kd4 50. Kg1
Ke3 51. Kf1 Kf4 52. Ke2 Kg3 53. Rxe4 Kxg2 54. Re5 Kxh3 55. Rxg5 Kh4 56. Rg8
Kh5 57. Kf3 Kh6 58. Kf4 Kh5 59. Rg1 Kh6 60. Kf5 Kh7 61. Kf6 Kh8 62. Kf7 Kh7
63. Rh1# {Black checkmated} 1-0

[Event "ICC Open 2015"]
[Site "Internet Chess Club"]
[Date "2015.05.29"]
[Round "1"]
[White "MWeston"]
[Black "knightstar"]
[Result "0-1"]
[ICCResult "White checkmated"]
[WhiteElo "2740"]
[BlackElo "1834"]
[Opening "Robatsch defense: two knights variation"]
[ECO "A40"]
[NIC "KF.05"]
[Time "14:04:14"]
[TimeControl "180+0"]

1. d4 g6 2. e4 Bg7 3. Nc3 d6 4. Nf3 Bg4 5. Be3 Nc6 6. Be2 e6 7. Qd2 Nge7 8.
O-O-O a6 9. Bh6 Bxh6 10. Qxh6 b5 11. Qg7 Rf8 12. Ng5 Bxe2 13. Nxh7 Kd7 14.
Nxf8+ Qxf8 15. Qxf8 Rxf8 16. Rd2 Bc4 17. b3 b4 18. bxc4 bxc3 19. Rd3 Nb4 20.
Rxc3 Nxa2+ 21. Kd2 Nxc3 22. Kxc3 c5 23. d5 exd5 24. cxd5 f5 25. f3 fxe4 26.
fxe4 Rf4 27. Kd3 Kc7 28. Ke3 g5 29. g3 Rf8 30. h4 g4 31. h5 Rf3+ 32. Ke2
Rxg3 33. h6 Rh3 34. Rxh3 gxh3 35. Kf3 a5 36. Kg3 a4 37. Kxh3 Ng6 38. Kg4 a3
39. Kg5 Nh8 40. Kf6 a2 41. Kg7 a1=Q+ 42. Kh7 Qf6 43. c4 Nf7 44. Kg8 Nxh6+
45. Kh7 Ng4 46. e5 dxe5 47. Kg8 e4 48. d6+ Kxd6 49. Kh7 e3 50. Kg8 e2 51.
Kh7 e1=Q 52. Kg8 Qe8+ 53. Kh7 Qee7+ 54. Kg8 Qff8# {White checkmated} 0-1

[Event "ICC Open 2015"]
[Site "Internet Chess Club"]
[Date "2015.05.29"]
[Round "1"]
[White "rynos0411"]
[Black "sibirica"]
[Result "0-1"]
[ICCResult "White forfeits on time"]
[WhiteElo "1712"]
[BlackElo "2558"]
[Opening "Sicilian defense"]
[ECO "B34"]
[NIC "SI.33"]
[Time "14:03:02"]
[TimeControl "180+0"]

1. e4 c5 2. Nf3 Nc6 3. d4 cxd4 4. Nxd4 g6 5. Be3 Nf6 6. Nc3 Bg7 7. Nb3 O-O
8. Be2 b6 9. O-O Bb7 10. f3 Na5 11. Nxa5 bxa5 12. Re1 d5 13. exd5 Nxd5 14.
Nxd5 Qxd5 15. Qxd5 Bxd5 16. c3 Rfb8 17. Reb1 a4 18. Bd3 a5 19. Bd4 e5 20.
Bf2 Rc8 21. Rd1 a3 22. Bxg6 axb2 23. Rab1 Bxa2 24. Rxb2 hxg6 25. Rxa2 Rxc3
26. h3 a4 27. Rda1 a3 28. Be1 Rb3 29. Bf2 e4 30. Re1 exf3 31. Bc5 fxg2 32.
Kxg2 Rb2+ 33. Rxb2 axb2 34. Rb1 Ra1 {White forfeits on time} 0-1

[Event "ICC Open 2015"]
[Site "Internet Chess Club"]
[Date "2015.05.29"]
[Round "1"]
[White "nevidimka"]
[Black "SCORPION83"]
[Result "0-1"]
[ICCResult "White forfeits on time"]
[WhiteElo "1965"]
[BlackElo "3233"]
[Opening "Queen's pawn: Torre attack"]
[ECO "A40"]
[NIC "QP.04"]
[Time "14:02:13"]
[TimeControl "180+0"]

1. d4 e6 2. Nf3 Nf6 3. Bg5 h6 4. Bh4 b6 5. Nbd2 Bb7 6. e3 Be7 7. Bd3 c5 8.
c3 O-O 9. O-O d6 10. Qe2 Nbd7 11. Ba6 Qc8 12. Bxb7 Qxb7 13. a4 a6 14. Rfd1
b5 15. e4 Rfe8 16. h3 bxa4 17. Bxf6 Nxf6 18. dxc5 dxc5 19. e5 Nd5 20. Nc4
Qb5 21. Nfd2 Rab8 22. Ra2 Red8 23. Rda1 Nf4 24. Qf1 Nd3 25. Rxa4 Nxb2 26.
Nxb2 Rxd2 27. Nc4 Rc2 28. Ra5 Qb3 29. Rxa6 Rxc3 30. Nd6 Qd5 31. Rd1 Qxe5 32.
f4 Qe3+ 33. Kh1 Bxd6 34. Raxd6 g6 35. Rd7 Kg7 36. R7d6 Rb4 37. R6d3 Rxd3 38.
Rxd3 Qxf4 39. Qxf4 Rxf4 40. Rd7 c4 41. Rc7 Rd4 42. Kg1 e5 43. Kf2 Kf6 44.
Ke3 Rd3+ 45. Ke4 Rg3 46. Rc6+ Kg5 47. Rc7 f5+ 48. Kxe5 Rxg2 49. Rxc4 Re2+
50. Kd6 f4 51. h4+ Kg4 {White forfeits on time} 0-1

[Event "ICC Open 2015"]
[Site "Internet Chess Club"]
[Date "2015.05.29"]
[Round "1"]
[White "M80"]
[Black "BFavre"]
[Result "1-0"]
[ICCResult "Black forfeits on time"]
[WhiteElo "2561"]
[BlackElo "1715"]
[Opening "Queen's Pawn"]
[ECO "A41"]
[NIC "QO.17"]
[Time "14:02:54"]
[TimeControl "180+0"]

1. d4 d6 2. Nf3 Nf6 3. c4 c5 4. d5 e5 5. Nc3 Be7 6. e4 O-O 7. Bd3 h6 8. O-O
Bg4 9. h3 Bh5 10. g4 Bg6 11. Nh4 Na6 12. Nxg6 fxg6 13. Be3 Nh7 14. f3 Bg5
15. Bf2 Bf4 16. Ne2 Ng5 17. Kg2 Nb4 18. Nxf4 Rxf4 19. Be3 Nxd3 20. Qxd3 Rf7
21. Qe2 Qe7 22. h4 Nh7 23. Qf2 Raf8 24. Qg3 g5 25. h5 Rb8 26. a3 b5 27. cxb5
Rxb5 28. b4 cxb4 29. axb4 Rxb4 30. Rxa7 Qf8 31. Rxf7 Qxf7 32. Qf2 Qb7 33.
Rc1 Nf6 34. Rc6 Rb2 35. Rc2 Rb1 36. Rc1 Rxc1 37. Bxc1 Qb5 38. Qc2 Kh7 39.
Be3 Qb4 40. Bf2 Qa3 41. Qc7 Qb4 42. Qb6 {Black forfeits on time} 1-0

[Event "ICC Open 2015"]
[Site "Internet Chess Club"]
[Date "2015.05.29"]
[Round "1"]
[White "Palenque"]
[Black "chabotheking"]
[Result "0-1"]
[ICCResult "White forfeits on time"]
[WhiteElo "1655"]
[BlackElo "2432"]
[Opening "French: Reversed Philidor formation"]
[ECO "C00"]
[NIC "FR.02"]
[Time "14:02:45"]
[TimeControl "180+0"]

1. e4 e6 2. d3 d5 3. Nd2 Nf6 4. Ngf3 Nc6 5. Be2 Bd6 6. O-O O-O 7. c3 e5 8.
h3 Re8 9. Nh2 a5 10. a4 b6 11. Ng4 Nxg4 12. hxg4 Qh4 13. exd5 e4 14. g3 Bxg3
15. fxg3 Qxg3+ 16. Kh1 exd3 17. Bf3 Ne5 18. Ne4 Qh3+ 19. Kg1 Bxg4 20. Bg2
Qh5 21. Qe1 Be2 22. Rf4 Ng6 23. Qg3 Re7 24. Bd2 Kh8 25. Ng5 Nxf4 26. Qxf4
Rf8 27. Kf2 Qg6 28. Be4 Rxe4 29. Nxe4 Re8 30. Ng5 f6 31. Ne6 Re7 32. Rg1 Qh5
33. Rg2 Bd1 {White forfeits on time} 0-1